Map: Green Acres

Players

A.I. 1 (Hard) - Winner!

  • Race: Zerg Zerg
  • Spawn Location: 1:00

larsgj

  • Race: Terran Terran
  • Spawn Location: 7:00

VOD

Have the link to the VOD?

Description

Time

  • Played on: Dec. 23, 2022, 3:56 p.m.
  • Length: 4:13
Show
View Real Time Build Order
Export as new Build Order

A.I. 1 (Hard) Zerg - Winner!

Build Orders: 1 Base Baneling Bust, Pool Only 

Get SALT Encoding   

  12  0:00  Drone  
  13  0:12  Overlord  
  13  0:17  Drone  
  14  0:30  Drone  
  14  0:31  Drone  
  16  0:44  Spawning Pool  
  16  0:45  Drone  
  16  0:49  Drone  
  17  0:53  Extractor  
  17  0:55  Drone  
  17  1:05  Overlord  
  17  1:31  Queen  
  19  1:34  Zergling x2  
  19  1:37  Roach Warren  
  19  1:38  Drone  
  19  1:39  Zergling x2  
  21  1:44  Extractor  
  20  1:49  Drone  
  21  1:59  Drone  
  22  2:10  Overlord  
  22  2:21  Drone  
  23  2:32  Roach  
  25  2:37  Roach  
  25  2:38  Drone  
  25  2:42  Roach  
  30  2:45  Overlord  
  30  2:54  Roach  
  32  3:04  Roach  
  34  3:09  Roach  
  34  3:10  Drone  
  37  3:13  Overlord  
  37  3:17  Roach  
  39  3:27  Drone, Baneling Nest  
  39  3:36  Evolution Chamber  
  39  3:37  Roach  
  41  3:41  Drone  
  41  3:42  Drone  
  41  3:44  Drone  
  43  3:49  Drone  
  44  4:00  Drone  
Show
View Real Time Build Order
Export as new Build Order

larsgj Terran 

Build Orders:  

Get SALT Encoding   

  12  0:00  SCV  
  13  0:12  SCV  
  14  0:18  Supply Depot  
  14  0:25  SCV  
  15  0:43  Barracks  
  15  0:56  SCV  
  16  1:09  SCV  
  17  1:21  SCV  
  18  1:31  Refinery  
  18  1:32  Refinery  
  18  1:33  SCV  
  19  1:41  Supply Depot  
  19  1:45  SCV  
  20  1:58  SCV, Supply Depot  
  21  2:04  Supply Depot  
  21  2:10  SCV  
  22  2:22  SCV  
  23  2:27  Supply Depot  
  23  2:28  Factory  
  23  2:34  SCV  
  24  3:44  Starport  
Tags
 
Add a new tag
Caveats
  • Supply blocks, unpowered buildings, or Contaminate may cause inaccurate times.
  • Supply counts are checked every 10 seconds.